 Dungeon Crawl Stone Soup version 0.28.0-53-g5a82cb258f (webtiles) character file.

Game seed: 12280895391044196549

718 funkygono the Slasher (level 7, -1/61 HPs)
             Began as a Minotaur Berserker on June 26, 2022.
             Was a Believer of Trog.
             Succumbed to a scorpion's poison
             ... on level 5 of the Dungeon.
             The game lasted 00:07:23 (3925 turns).

funkygono the Slasher (Minotaur Berserker)          Turns: 3925, Time: 00:07:23

Health: -1/61      AC: 13    Str: 24    XL:     7   Next: 42%
Magic:  16/16      EV:  9    Int:  4    God:    Trog [**....]
Gold:   80         SH:  0    Dex:  9    Spells: 6/6 levels left

rFire   . . .      SeeInvis .   o - +3 falchion
rCold   . . .      Faith    .   (no shield)
rNeg    . . .      Spirit   .   n - +0 chain mail
rPois   .          Reflect  .   (helmet restricted)
rElec   .          Harm     .   s - +1 cloak
rCorr   .          Rampage  .   (no gloves)
Will    .....                   t - +0 pair of boots
Stlth   ..........              (no amulet)
HPRegen 0.20/turn               q - ring of magical power
MPRegen 0.15/turn               (no ring)

@: lethally poisoned (-1 -> -3), on berserk cooldown, slowed, very slow
A: horns 2, retaliatory headbutt
a: Renounce Religion, Berserk, Trog's Hand


You were on level 5 of the Dungeon.
You worshipped Trog.
Trog was pleased with you.
You visited 1 branch of the dungeon, and saw 5 of its levels.

You collected 106 gold pieces.
You spent 26 gold pieces at shops.

Inventory:

Hand Weapons
 a - a +0 falchion
 h - a +0 mace
 o - a +3 falchion (weapon)
Missiles
 c - 37 bolts
 j - 6 atropa-tipped darts (quivered)
 u - 3 poisoned darts
Armour
 k - a +0 leather armour
 n - a +0 chain mail (worn)
 p - an orb of mayhem
 s - a +1 cloak (worn)
 t - a +0 pair of boots (worn)
Jewellery
 q - a ring of magical power (left hand)
Potions
 b - a potion of curing
 d - a potion of invisibility
 e - a potion of lignification
 f - a potion of might {unknown}
 i - a potion of magic {unknown}
 r - a potion of heal wounds {unknown}


   Skills:
 * Level 5.4 Fighting
 * Level 2.1(3.8) Short Blades
 + Level 5.5(5.7) Long Blades
 * Level 5.3 Armour
 * Level 4.1 Dodging
 + Level 0.5 Stealth
 * Level 1.7 Invocations
 * Level 1.9 Evocations


You had 6 spell levels left.
You didn't know any spells.
Your spell library was empty.

Dungeon Overview and Level Annotations

Branches:
Dungeon (5/15)
 Temple: D:4-7

Altars:
Kikubaaqudgha

Shops:
D:1 *   D:3 (


Innate Abilities, Weirdness & Mutations

You have a pair of horns on your head.
You reflexively headbutt those who attack you in melee.


Message History

You feel a strong urge to attack something.
The gnoll hits you from afar with a +0 halberd!
You are no longer berserk.
You are exhausted.
You feel yourself slow down.
You hit the scorpion. You headbutt the scorpion!
The scorpion is severely wounded.
The scorpion stings you but does no damage.
The gnoll hits you from afar with a +0 halberd!
The scorpion stings you.
You are poisoned.
The scorpion poisons you!
You feel very sick.
The scorpion stings you but does no damage.
The gnoll barely misses you. The gnoll closely misses you.
The scorpion stings you.
You are more poisoned.
The scorpion poisons you!
You feel extremely sick.
The scorpion stings you but does no damage.
* * * LOW HITPOINT WARNING * * *
You feel very sick.
You hit the scorpion.
The scorpion is severely wounded.
You feel very sick. The scorpion closely misses you. You furiously retaliate!
You headbutt the scorpion.
You kill the scorpion!
Trog accepts your kill.
The shadow imp laughs crazily.
The gnoll hits you but does no damage.
Your life force feels restored.
You feel very sick.
The gnoll hits you from afar with a +0 halberd.
* * * LOW HITPOINT WARNING * * *
* * * LOW HITPOINT WARNING * * *
You feel sick.
* * * LOW HITPOINT WARNING * * *
You feel sick. The gnoll closely misses you.
You die...

#........####..#.#.
##..#.##........... ##
#..#..#...###.#.. ...
###..#..#...###.... ...#
#...........#.#.#.##Z...#
#.##.#..#.....#.5Zg.g...#
#.##.#.>#...#.###.# ...
#.#............##.##....#
#.........@.5.Z..........
#<#..##.#.##.gg....#.....
###..####.##.............
#..# #. ##.........##.
...# ## #..##...### #.##
#.###..... #.# #.#
#.##### ## #.# ###


You could see 2 gnolls, a shadow imp and a water moccasin skeleton.

Vanquished Creatures
  A necrophage (D:3)
  A phantom (D:3)
  A water moccasin zombie (D:3)
  A scorpion (D:5)
  A water moccasin skeleton (D:4)
  4 wights (D:4)
  A howler monkey (D:4)
  A jelly (D:4)
  An orc wizard (D:3)
  2 gnolls (D:5)
  3 adders
  An ufetubus (D:4)
  2 worms (D:2)
  2 dart slugs (D:4)
  5 orcs
  10 ball pythons
  5 bats
  2 endoplasms
  3 giant cockroaches
  6 goblins
  6 hobgoblins
  3 jackals (D:1)
  5 quokkas
  3 frilled lizards
  5 kobolds
  A quokka skeleton (D:2)
  4 rats
80 creatures vanquished.

Vanquished Creatures (others)
  An orc wizard (D:3)
1 creature vanquished.

Grand Total: 81 creatures vanquished

Notes
Turn   | Place    | Note
-------+----------+-------------------------------------------
     0 | D:1      | funkygono the Minotaur Berserker began the quest for the
                  | Orb.
     0 | D:1      | Reached XP level 1. HP: 19/19 MP: 0/0
    48 | D:1      | Reached XP level 2. HP: 24/27 MP: 1/1
   417 | D:1      | Found Kiengon's General Store.
   949 | D:2      | Reached XP level 3. HP: 31/33 MP: 2/2
   987 | D:2      | Found an ancient bone altar of Kikubaaqudgha.
  1278 | D:2      | Reached ** piety under Trog
  1783 | D:3      | Reached skill level 1 in Short Blades
  1783 | D:3      | Reached skill level 1 in Evocations
  1783 | D:3      | Reached XP level 4. HP: 15/41 MP: 3/3
  2028 | D:3      | Reached XP level 5. HP: 45/47 MP: 4/4
  2074 | D:3      | Found Putiogi's Antique Weapon Boutique.
  2345 | D:3      | Reached skill level 1 in Invocations
  2802 | D:3      | Noticed a phantom
  2814 | D:3      | Killed a phantom
  3014 | D:1      | Bought a scroll of identify for 26 gold pieces
  3219 | D:4      | Reached XP level 6. HP: 55/55 MP: 6/6
  3222 | D:4      | Reached skill level 5 in Long Blades
  3313 | D:3      | Reached skill level 5 in Fighting
  3461 | D:4      | Reached XP level 7. HP: 61/61 MP: 7/7
  3544 | D:4      | Reached skill level 5 in Armour
  3872 | D:5      | Entered Level 5 of the Dungeon
  3922 | D:5      | HP: 3/61 [gnoll/+0 halberd (6)]
  3924 | D:5      | HP: 1/61 [poisoned by a scorpion]
  3925 | D:5      | Succumbed to a scorpion's poison

Illustrated notes

Levels and vault maps discovered:
D:1:      lemuel_arrival_river_ford, layout_loops_ring, serial_shops,
          nicolae_shop_competitors_out_of_business
D:2:      layout_rooms, basic_altar
D:3:      layout_loops_ring, serial_shops, nicolae_shop_overgrown_old_shop
D:4:      layout_cave_pools
D:5:      kennysheep_six_static_rooms, layout_basic

Skill      XL: |  1  2  3  4  5  6  7 |
---------------+----------------------+-----
Fighting       | 4 5 |  5.4
Long Blades    | 4 5 |  5.5
Short Blades   | 1 2 |  2.1
Dodging        | 3 4 |  4.1
Evocations     | 1 |  1.9
Invocations    | 1 |  1.7
Armour         | 3 4 5 |  5.3
Stealth        | |  0.5

Action                   |  1- 3 |  4- 6 |  7- 9 || total
-------------------------+-------+-------+-------++-------
Melee: Falchion          |   104 |   102 |    16 ||   222
       Headbutt          |    11 |    12 |     3 ||    26
       Punch             |     1 |       |       ||     1
Invok: Berserk           |     3 |     3 |     2 ||     8
  Use: Scroll            |       |     3 |     4 ||     7
 Stab: Sleeping          |     2 |       |       ||     2
Armor: Animal skin       |     8 |       |       ||     8
       Leather armour    |     9 |       |       ||     9
       Chain mail        |       |    70 |    12 ||    82
Dodge: Dodged            |    62 |    58 |     9 ||   129
